 Dungeon Crawl Stone Soup version 0.16-a0-223-g37887f7 (webtiles) character file.

1476 MDvedh the Conjurer (level 8, -3/41 HPs)
             Began as a Deep Elf Conjurer on Aug 20, 2014.
             Was a Follower of Vehumet.
             Slain by a yak (9 damage)
             ... on Level 5 of the Dungeon.
             The game lasted 00:12:27 (6785 turns).

MDvedh the Conjurer (Deep Elf Conjurer)             Turns: 6785, Time: 00:12:27

HP  -3/41        AC  2     Str  5      XL: 8   Next: 49%
MP  10/22        EV 13     Int 23      God: Vehumet [*.....]
Gold 134         SH  0     Dex 15      Spells:  4 memorised,  3 levels left

rFire  + . .     SeeInvis +     o - +3 whip
rCold  . . .     Clarity  .     s - +0 robe (curse)
rNeg   . . .     rCorr    .     (no shield)
rPois  .         rRot     .     j - +0 hat
rElec  .         Spirit   .     (no cloak)
SustAb .         Warding  .     (no gloves)
rMut   .         Stasis   .     (no boots)
Gourm  +                        h - amulet of the gourmand
MR     .....                    x - ring of see invisible
                                y - ring of protection from fire

@: not resistant to hostile enchantments, unstealthy
A: no striking features
a: Renounce Religion


You were on level 5 of the Dungeon.
You worshipped Vehumet.
Vehumet was aware of your devotion.
You were hungry.

You visited 1 branch of the dungeon, and saw 5 of its levels.

You collected 134 gold pieces.

Inventory:

Hand weapons
 o - a +3 whip (weapon)
Armour
 a - a +0 robe
 j - a +0 hat (worn)
 s - a cursed +0 robe (worn)
Comestibles
 b - 5 bread rations
 r - 4 beef jerkies
Scrolls
 d - 3 scrolls of remove curse {unknown}
 f - 2 scrolls of magic mapping {unknown}
 g - 5 scrolls of identify {unknown}
 k - a scroll of random uselessness {unknown}
 m - 5 scrolls of amnesia {unknown}
 t - a scroll of recharging {unknown}
 v - a scroll of immolation {unknown}
 w - 2 scrolls of enchant armour {unknown}
Jewellery
 h - an amulet of the gourmand (around neck)
 x - a ring of see invisible (right hand)
 y - a ring of protection from fire (left hand)
Potions
 e - a potion of curing {unknown}
 i - a potion of cancellation {unknown}
 l - a potion of invisibility {unknown}
 n - a potion of flight {unknown}
 p - a potion of poison {unknown}
 q - 3 potions of heal wounds {unknown}
 u - 2 potions of magic {unknown}
 z - a potion of cure mutation {unknown}
Books
 c - a book of Conjurations

   Spells                             Type                      Level
   *Magic Dart                        Conjuration                  1
   *Searing Ray                       Conjuration                  2
   Dazzling Spray                     Conjuration/Hexes            3
   Fulminant Prism                    Conjuration/Hexes            4
   *Iskenderun's Mystic Blast         Conjuration                  4
   *Iskenderun's Battlesphere         Conjuration/Charms           5


   Skills:
 - Level 2.5 Dodging
 - Level 2.7 Stealth
 - Level 4.0 Spellcasting
 + Level 9.7 Conjurations
 + Level 9.3 Charms


You had 3 spell levels left.
You knew the following spells:

 Your Spells              Type           Power        Failure   Level  Hunger
a - Magic Dart            Conj           ####         1%          1    None
b - Searing Ray           Conj           #####.       1%          2    #......
d - Iskenderun's Battles  Conj/Chrm      #####...     8%          5    #####..
f - Iskenderun's Mystic   Conj           #####...     1%          4    ####...


Dungeon Overview and Level Annotations

Branches:
Dungeon (5/15)
 Temple: D:4-7

Altars:
Nemelex Xobeh
Vehumet
The Shining One

Shops:
D:4 (

Annotations:
D:5 Dowan, Duvessa


Message History

The yak is severely wounded.
The barrage of energy hits the yak.
The yak is moderately wounded.
The yak closely misses you. The yak gores you!
* * * LOW HITPOINT WARNING * * *
The yak gores you.
* * * LOW HITPOINT WARNING * * *
Casting: Magic Dart
Confirm with . or Enter, or press ? or * to list all spells.
Aiming: Magic Dart
Press: ? - help, Shift-Dir - straight line, f/p - yak
Aim: a yak (severely wounded)
The magic dart hits the yak.
The yak is severely wounded.
The barrage of energy hits the yak.
The yak is heavily wounded.
Your battlesphere expends the last of its energy and dissipates.
The yak gores you but does no damage. The yak barely misses you.
The yak gores you!
You die...

# #####...# ##.......##
..........#..
..........ยง....
................
.........Z.....
#....YY...%..) #
#....@Y...#.. ##
#.#...<.#......#.Y.
#..........##.##...#####
...#........##...........
.................#.......
............#.####.......
..............####.......
.............###........)
.........(..## #.###.e###


You could see 3 yaks and a scorpion zombie.

Vanquished Creatures
  Prince Ribbit (D:4)
  2 yaks (D:5)
  The ghost of MDvedh the Ruinous, an average DECj (D:4)
  A centaur (D:5)
  4 ogres (D:4)
  2 scorpions (D:4)
  4 worker ants (D:4)
  3 gnolls (D:4)
  2 giant mites
  8 adders
  A shadow imp (D:4)
  3 worms
  An adder skeleton (D:5)
  5 giant geckos
  An ooze (D:4)
  An orc (D:5)
  6 bats
  2 giant cockroaches (D:2)
  11 hobgoblins
  12 jackals
  21 kobolds
  2 ball pythons
  7 giant newts
  A giant newt skeleton (D:5)
  10 goblins
  A quokka (D:2)
  15 rats
  A rat skeleton (D:4)
129 creatures vanquished.

Notes
Turn   | Place    | Note
--------------------------------------------------------------
     0 | D:1      | MDvedh, the Deep Elf Conjurer, began the quest for the Orb.
     0 | D:1      | Reached XP level 1. HP: 10/10 MP: 5/5
     1 | D:1      | Noticed a draconian skeleton
     5 | D:1      | Noticed an elf skeleton
    12 | D:1      | Noticed a minotaur skeleton
    14 | D:1      | Noticed a spriggan skeleton
    16 | D:1      | Noticed a troll skeleton
    18 | D:1      | Noticed a merfolk skeleton
    18 | D:1      | Noticed a merfolk skeleton
   181 | D:1      | Reached XP level 2. HP: 15/15 MP: 4/8
   816 | D:1      | Reached XP level 3. HP: 19/19 MP: 9/12
  1178 | D:1      | Reached skill level 5 in Conjurations
  1409 | D:2      | Found a sparkling altar of Nemelex Xobeh.
  1632 | D:2      | Found a glowing golden altar of the Shining One.
  1762 | D:2      | Reached XP level 4. HP: 24/24 MP: 10/15
  2616 | D:2      | Reached skill level 6 in Conjurations
  3500 | D:4      | Found a radiant altar of Vehumet.
  3516 | D:4      | Noticed an ogre
  3541 | D:3      | Learned a level 2 spell: Searing Ray
  3546 | D:3      | Learned a level 4 spell: Iskenderun's Mystic Blast
  3751 | D:4      | Reached XP level 5. HP: 16/28 MP: 9/18
  3901 | D:4      | Learned a level 5 spell: Iskenderun's Battlesphere
  3916 | D:4      | Noticed Prince Ribbit
  4023 | D:4      | Became a worshipper of Vehumet
  4047 | D:4      | Found Oliffil's Antique Weapon Shoppe.
  4158 | D:4      | Killed Prince Ribbit
  4158 | D:4      | Reached skill level 7 in Conjurations
  4158 | D:4      | Reached XP level 6. HP: 32/32 MP: 1/20
  4297 | D:4      | Noticed an ogre
  4303 | D:4      | Killed an ogre
  4303 | D:4      | Reached skill level 5 in Charms
  4415 | D:4      | Noticed an ogre
  4417 | D:4      | Killed an ogre
  4417 | D:4      | Reached XP level 7. HP: 36/36 MP: 12/21
  4571 | D:4      | Reached skill level 8 in Conjurations
  4825 | D:4      | Killed an ogre
  5093 | D:4      | Acquired Vehumet's first power
  5093 | D:4      | Offered knowledge of Freeze by Vehumet.
  5228 | D:4      | Noticed MDvedh's ghost (average DECj)
  5231 | D:4      | Killed MDvedh's ghost
  5481 | D:5      | Entered Level 5 of the Dungeon
  5948 | D:5      | Reached skill level 9 in Conjurations
  5948 | D:5      | Reached XP level 8. HP: 37/41 MP: 10/22
  6044 | D:5      | Noticed a yak
  6046 | D:5      | Noticed a yak
  6047 | D:5      | Noticed a yak
  6047 | D:5      | Killed a yak
  6048 | D:5      | Noticed a yak
  6559 | D:5      | Noticed Dowan
  6570 | D:5      | Noticed Duvessa
  6774 | D:5      | Noticed a yak
  6783 | D:5      | Killed a yak
  6785 | D:5      | Slain by a yak

Action                   |  1- 3 |  4- 6 |  7- 9 || total
-------------------------+-------+-------+-------++-------
Melee: Unarmed           |    10 |       |       ||    10
 Cast: Magic Dart        |    84 |   104 |   114 ||   302
       Iskenderun's Myst |       |     7 |    24 ||    31
       Searing Ray       |       |       |     1 ||     1
       Iskenderun's Batt |       |       |     1 ||     1
  Eat: Chunk             |     2 |       |     5 ||     7
       Meat ration       |       |     2 |     1 ||     3
